[Event "Czech Open-GM 2022"]
[Site "Pardubice"]
[Date "2022.07.25"]
[Round "4.13"]
[White "Savitha Shri B"]
[Black "Sorensen, Hampus"]
[Result "1/2-1/2"]
[ECO "C77"]
[WhiteElo "2278"]
[BlackElo "2376"]
[Annotator "TA"]
[PlyCount "171"]
[EventDate "2022.07.22"]
[EventType "swiss"]
[EventCountry "CZE"]
[SourceTitle "playchess.com"]
[Source "ChessBase"]
[SourceQuality "1"]
[TimeControl "40/5400+30:1800+30"]

1. e4 e5 2. Nf3 Nc6 3. Bb5 a6 4. Ba4 Nf6 5. d3 d6 6. c3 g6 7. O-O Bg7 8. Re1 O-O 9. Nbd2 b5 10. Bc2 {[%emt 0:01:19] C77: Ruy Lopez: 3...a6 4 Ba4 Nf6, unusual lines.} Nb8 11. Nf1 Nbd7 {[%emt 0:00:29] [#]} 12. Bg5 $146 ({Predecessor:} 12. d4 Bb7 13. Ng3 Re8 14. h3 d5 15. dxe5 Nxe5 16. Nxe5 Rxe5 17. f4 Re8 18. e5 {0-1 (46) Panigrahi,M (2012)-Saurabh,A (2351) Bhubaneswar 2019}) 12... Re8 13. d4 c5 14. dxe5 dxe5 15. Qe2 c4 16. b3 cxb3 17. Bxb3 Bb7 18. c4 h6 19. Bxf6 Nxf6 20. N1d2 bxc4 21. Qxc4 Re7 22. Rad1 Nd7 (22... Rc7 $11 23. Qe2 Qe7) 23. Qb4 $14 Rb8 24. Qd6 $36 {[%emt 0:01:28][%mdl 2048] White has the initiative.} Nf8 25. Nc4 Qxd6 26. Nxd6 {[%emt 0:00:01] Pair of Knights!} Ne6 27. Rb1 {[%emt 0:06:24][%cal Bd1b1,Bb1b6,Bb6a6][%mdl 32] Black must now prevent Bxe6.} Rd7 (27... Bc6 $1 $11 {keeps the balance.}) 28. Bxe6 $16 fxe6 29. Rb6 {[%emt 0:01:31] And now Reb1 would win.} (29. Rxb7 $6 Rdxb7 30. Nxb7 Rxb7 $11) (29. Nxb7 $6 Rbxb7 30. h4 Rdc7 $11) 29... Bf8 30. Nxb7 {[%emt 0:00:11] White is much more active.} Rdxb7 31. Rxa6 Rb1 {[%emt 0:00:27] ...Rxe1+ is the strong threat.} 32. Kf1 ({Stronger than} 32. Rxe6 Rxe1+ 33. Nxe1 Rb1 $17) 32... Rxe1+ 33. Nxe1 {[%emt 0:00:17][%mdl 4096] Endgame KRB-KRN} Kf7 34. Nd3 {[%emt 0:00:55] Against Bc5} Kf6 35. Ke2 g5 36. a4 Rb1 (36... Rb3 $16 {keeps fighting.} 37. Ra8 Bd6) 37. a5 Ra1 38. Ra8 Ra2+ 39. Kd1 Bd6 40. a6 {[%emt 0:00:31] Hoping for a7.} Bc7 41. a7 (41. Nb4 $18 Ra1+ 42. Kc2) 41... Ke7 {[%emt 0:03:54] Inhibits Rf8.} 42. Nb2 Bb6 $14 43. Nc4 Bxa7 ({Weaker is} 43... Bxf2 44. Nd6 $1 $16) 44. Nxe5 Ra1+ 45. Kc2 Bd4 46. Rxa1 Bxa1 $16 {[%emt 0:00:01] KB-KN} 47. Nc4 Kf6 48. g4 Bd4 49. f3 Ke7 50. Kd3 Bg1 51. h3 Bc5 52. e5 Bg1 53. Ke4 Kf7 54. Nd6+ Kg6 55. Ne8 Kf7 {[%emt 0:00:56] [#]} 56. Nf6 Bb6 57. Nd7 Ba7 {[%emt 0:00:20] [#]} 58. Kd3 $1 Ke7 59. Nf6 Kf7 60. Ne4 Ke7 61. Nd2 Bg1 62. Ke4 Kf7 63. Nf1 Kg6 64. Kd3 Kf7 65. Kc4 Ba7 66. Nd2 Bb8 67. Kd4 Ba7+ 68. Ke4 (68. Kd3 $14) 68... Bc5 (68... Bg1 $1 $11) 69. Nc4 Bg1 $1 70. Nd6+ Kg6 $1 71. Nb7 Kf7 72. f4 gxf4 73. Kxf4 Bh2+ 74. Ke4 Bg3 75. Na5 (75. Nd8+ $16 Ke7 76. Nc6+ Kf7 77. Nd4) 75... Kg6 $11 {[%emt 0:00:28] The position is equal.} 76. Nc6 {[%emt 0:00:03] Strongly threatening Nd8.} h5 77. Kf3 Bh2 78. h4 hxg4+ 79. Kxg4 Kh6 80. h5 Bg1 81. Kh4 Bf2+ 82. Kg4 Bg1 83. Nd8 Bh2 84. Nf7+ Kg7 85. Ng5 {[%emt 0:00:01] White threatens Nf3 and mate.} Bxe5 86. Nxe6+ {[%emt 0:00:01] Black defended with fortune.  Weighted Error Value: White=0.10 (very precise) /Black=0.11 (very precise)} 1/2-1/2

[Event "Czech Open-GM 2022"]
[Site "Pardubice"]
[Date "2022.07.25"]
[Round "4.14"]
[White "Stalmach, Richard"]
[Black "Bujnoch, Radek"]
[Result "1-0"]
[ECO "D43"]
[WhiteElo "2363"]
[BlackElo "2191"]
[Annotator "TA"]
[PlyCount "113"]
[EventDate "2022.07.22"]
[EventType "swiss"]
[EventCountry "CZE"]
[SourceTitle "playchess.com"]
[Source "ChessBase"]
[SourceQuality "1"]
[TimeControl "40/5400+30:1800+30"]

1. d4 d5 2. c4 c6 3. Nf3 Nf6 4. Nc3 e6 5. Bg5 Nbd7 6. cxd5 exd5 7. e3 $1 h6 {[%emt 0:00:12] D35: Queen's Gambit Declined: Exchange Variation.} 8. Bh4 g5 9. Bg3 Nh5 {[%emt 0:00:04] The position is equal.} 10. Bd3 Nxg3 11. hxg3 Bg7 12. O-O Nb6 13. b4 h5 {[%emt 0:07:20][%cal Bh6h5,Bh5h4][%mdl 32] [#]} 14. Nd2 $146 ({Predecessor:} 14. b5 h4 15. bxc6 bxc6 16. Qc2 hxg3 17. fxg3 Qd6 18. Ne2 Bd7 19. Rac1 Qe7 20. e4 dxe4 21. Bxe4 {½-½ (40) Babula,V (2540)-Grischuk,A (2754) Baku 2016}) 14... g4 15. Ne2 h4 16. Nf4 Qe7 17. Re1 Qxb4 18. a4 Rb8 (18... hxg3 $15 19. fxg3 Kf8) 19. a5 {[%emt 0:04:12][%mdl 1024] White has compensation.} Na8 (19... Nc4 $14 20. Bxc4 dxc4) 20. Ra4 {[%emt 0:05:10] White is more active.} ({White should play} 20. gxh4 $16 {aiming for g3.} Rxh4 21. Nf1) 20... Qd6 $11 21. e4 (21. Nf1 $11) 21... Kf8 22. e5 Qh6 (22... Qe7 $5 ) 23. e6 (23. Qc2 $11 {remains equal.} Nc7 24. Qc5+ Kg8 25. Qe7 hxg3 26. fxg3) 23... hxg3 $17 24. fxg3 Bxe6 (24... b5 25. axb6 Nxb6 26. exf7 Nxa4 27. Ng6+ Kxf7 28. Re7+ Kg8 29. Re8+ Kf7 30. Re7+ Kg8 31. Re8+ Kf7 32. Re7+ $11) 25. Nxe6+ fxe6 26. Qxg4 Nc7 (26... e5 {[#]} 27. dxe5 $1 Ke7 28. Rf4 $18) (26... Ke7 $5 27. Nf3 Nc7 $17) 27. Nf3 Bf6 {[%emt 0:03:04] Inhibits Nh4.} (27... b5 $2 28. axb6 axb6 29. Ra7 $18 (29. Nh4 Kg8 $18)) 28. Ne5 (28. Qf4 $15 Qxf4 29. gxf4) 28... Bxe5 ({Better is} 28... Ke7 $17 {Hoping for ...Bxe5.} 29. Nf3 Kd7) 29. dxe5 $11 Ke7 ({Much less strong is} 29... b5 30. axb6 Rxb6 31. Rxa7 $16) 30. Qb4+ $1 Ke8 $1 31. Qd6 {[%emt 0:02:13] [#] White threatens Rh4 and mate.} Qh2+ (31... Rc8 {gets mated.} 32. Rh4 Qg5 33. Rxh8+ Kf7 34. Rf1+) (31... Qg7 $1 $11 {and Black stays safe.} 32. Bg6+ Qxg6 33. Qxc7 Rd8 34. Qxb7 Qxg3 35. Qxc6+ Ke7 36. Qc5+ Ke8 37. Qc6+ Ke7 38. Qc5+ Ke8 39. Qc6+) 32. Kf2 $18 Rf8+ 33. Rf4 $1 {[%emt 0:00:48] Really sharp!} Rxf4+ 34. gxf4 Qh4+ $2 {[%emt 0:03:30] A mistake that costs the game.} (34... Qxf4+ $16 {is tougher.} 35. Ke2 Qg4+ 36. Kd2 Rd8 37. Qxc7 Qb4+ 38. Ke2 Qg4+ 39. Ke3 Qxg2) 35. g3 Qe7 36. Rh1 ({Not} 36. Bg6+ Kf8 $16) 36... Qxd6 37. exd6 Kd7 38. dxc7 Kxc7 {[%emt 0:00:04][%mdl 4096] Endgame KRB-KR} 39. g4 c5 40. Bb5 {[%emt 0:02:38] White wants to mate with Rh7+.} c4 41. Ke3 Kd6 42. g5 Kc5 43. Bd7 Kd6 44. Rh7 {[%emt 0:00:00] And now g6 would win.} b5 45. axb6 axb6 46. g6 {[%emt 0:00:00] Strongly threatening Kd4.} Rf8 47. Rf7 Rg8 48. g7 {[%emt 0:00:00] Intending Kd4 and mate.} c3 49. Kd4 {[%emt 0:00:00] White mates.} c2 50. Ba4 e5+ 51. fxe5+ Ke6 52. Rc7 c1=Q 53. Rxc1 Rxg7 54. Rc6+ Kf5 55. Rf6+ Kg5 56. Kxd5 Ra7 57. Bc6 {[%emt 0:00:00] Weighted Error Value: White=0.14 (very precise) /Black=0.42} 1-0

[Event "Czech Open-GM 2022"]
[Site "Pardubice"]
[Date "2022.07.25"]
[Round "4.15"]
[White "Crevatin, Leo"]
[Black "Skytte, Rasmus"]
[Result "1/2-1/2"]
[ECO "A57"]
[WhiteElo "2259"]
[BlackElo "2349"]
[Annotator "TA"]
[PlyCount "60"]
[EventDate "2022.07.22"]
[EventType "swiss"]
[EventCountry "CZE"]
[SourceTitle "playchess.com"]
[Source "ChessBase"]
[SourceQuality "1"]
[TimeControl "40/5400+30:1800+30"]

1. d4 Nf6 2. c4 c5 3. d5 b5 4. cxb5 a6 5. e3 g6 6. Nc3 Bg7 7. a4 O-O 8. Nf3 Bb7 9. Ra3 {[%emt 0:02:17] 9.e4 gains popularity.} e6 {[%emt 0:04:26] A57: Benko/Volga Gambit.} 10. dxe6 fxe6 11. Be2 d5 {[%emt 0:05:01] [#] White is better.} 12. O-O $1 Qe7 {[%emt 0:05:20] [#]} 13. e4 $146 (13. Qc2 $14) ({Predecessor:} 13. Re1 Kh8 14. Bd3 e5 15. e4 d4 16. Nb1 axb5 17. axb5 Nbd7 18. Nbd2 Nb6 19. b3 {1-0 (37) Fus,J (2357)-Ghersinich,E (2193) Bratislava 2019}) 13... axb5 14. e5 {[%emt 0:03:39] [#]} ({Much worse is} 14. Bxb5 d4 15. e5 Nfd7) (14. axb5 $11 {remains equal.} Rxa3 15. bxa3) 14... Ne4 ({Better is} 14... b4 $1 $17 15. exf6 Bxf6 16. Nxd5 Bxd5) 15. Bxb5 $14 Nxc3 16. Rxc3 d4 17. Ra3 Nd7 18. Bg5 Qf7 19. Qe2 h6 (19... Bd5 $142) 20. Bd2 Qe7 21. Ne1 {[%emt 0:09:39] aiming for Rg3.} Nxe5 22. Rg3 {[%emt 0:02:22] And now f4 would win.} Kh7 23. f4 Nd7 24. Qg4 (24. b3 $16) 24... Rf6 $1 $11 25. Nd3 $36 {[%emt 0:02:38][%mdl 2048] Black should prevent Bxd7. White has good play.} Be4 (25... Ba6 $11) 26. Qe2 Bf5 27. b3 Rff8 28. Rc1 Rfc8 {[%emt 0:00:50] White is slightly better.} 29. h3 {[%emt 0:03:54] White is more active.} Nf6 30. Rf3 Ne4 {[%emt 0:01:28] Weighted Error Value: White=0.19 (very precise) /Black=0.16 (very precise)} 1/2-1/2

[Event "Czech Open-GM 2022"]
[Site "Pardubice"]
[Date "2022.07.25"]
[Round "4.16"]
[White "Jirousek, Jan"]
[Black "Farkas, Gabor"]
[Result "1/2-1/2"]
[ECO "D30"]
[WhiteElo "2094"]
[BlackElo "2335"]
[Annotator "TA"]
[PlyCount "137"]
[EventDate "2022.07.22"]
[EventType "swiss"]
[EventCountry "CZE"]
[SourceTitle "playchess.com"]
[Source "ChessBase"]
[SourceQuality "1"]
[TimeControl "40/5400+30:1800+30"]

1. d4 d5 2. c4 e6 3. Nf3 c6 4. e3 Nd7 5. Be2 Bd6 6. O-O {D30: Queen's Gambit Declined: Systems without Nc3.} Nh6 7. b3 Qe7 8. a4 {[#] White is slightly better.} O-O $146 ({Predecessor:} 8... dxc4 9. Bxc4 e5 10. Ba3 e4 11. Bxd6 Qxd6 12. Nfd2 Nf6 13. Re1 O-O 14. Nc3 Bf5 {½-½ (28) Abhishek,K (2381)-Moiseenko,V (2508) Moscow 2017}) 9. Ba3 Bxa3 10. Nxa3 b6 11. Nc2 (11. Qc2 $14) 11... dxc4 12. bxc4 c5 13. a5 Rd8 ({Black should try} 13... Bb7 $11) 14. axb6 $14 Nxb6 15. Qc1 (15. Qb1 $16) 15... Qc7 (15... Bb7 $11 {remains equal.}) 16. Qa3 $36 {[%mdl 2048] Black is under strong pressure.} cxd4 (16... Bb7 $16 {keeps fighting.}) 17. Ncxd4 $18 Bd7 (17... Nxc4 $2 18. Rfc1 $18) 18. c5 Nd5 19. c6 e5 (19... Bxc6 $2 20. Rfc1 $18) 20. cxd7 exd4 21. Nxd4 Rxd7 22. Bf3 {[#] Strongly threatening Rfc1.} Re8 23. Bxd5 (23. Rfc1 $18 Qd8 24. Rc5) 23... Rxd5 $16 24. Qxa7 (24. Rfc1 {looks sharper.} Qe5 25. Nf3 Qe4 26. Qxa7 Ng4 27. Qa4) 24... Qxa7 25. Rxa7 Nf5 26. Nxf5 Rxf5 {[%mdl 4096] Endgame KRR-KRR} 27. Ra2 g6 28. Re2 Kg7 29. f3 Ra5 30. Kf2 Re7 31. h4 h5 32. Kg3 Re6 33. Rfe1 Kf6 34. e4 Rb5 35. Ra1 Rc5 36. Rb2 Re7 {Prevents Ra7.} 37. Kf4 Kg7 38. Rba2 Rcc7 39. g4 hxg4 40. Kxg4 Rb7 41. h5 gxh5+ 42. Kxh5 Re5+ 43. Kg4 Rc5 44. Rg1 Rb6 {aiming for ...Rg6+.} 45. Kf4+ Kf6 46. Rh1 {Threatening mate with Rh6+.} Kg7 {Prevents Rh6.} 47. Ra3 Rf6+ 48. Ke3 Rg6 49. Kd4 Rb5 50. Rf1 Rd6+ 51. Ke3 f5 52. Ra7+ Kf6 $2 {[%mdl 8192] [#]} (52... Kg8 $14) 53. Kf4 $2 ({White has to play} 53. Rh1 $1 $18 {White wants to mate with Kf4.} f4+ 54. Kxf4) 53... fxe4 $1 $11 {The position is equal.} 54. fxe4 Rh5 {Inhibits Rh1.} 55. Kg4+ Kg6 56. Rff7 {White threatens Rg7+ and mate.} Rh1 (56... Rg5+ 57. Kf4 Rc5 58. Rg7+ Kh5 59. e5 $18) 57. Rf5 Rg1+ 58. Kf4 Re6 59. Raa5 Rf1+ 60. Kg3 Re1 61. Rg5+ Kf6 62. Raf5+ Ke7 63. e5 Rg1+ 64. Kf4 Rxg5 65. Rxg5 Ra6 66. Kf5 Rb6 67. Rg7+ Ke8 68. Ra7 Rc6 69. e6 {Weighted Error Value: White=0.28 (precise) /Black=0.11 (very precise)} 1/2-1/2

[Event "Czech Open-GM 2022"]
[Site "Pardubice"]
[Date "2022.07.25"]
[Round "4.17"]
[White "Livaic, Leon"]
[Black "Klimakovs, Sergejs"]
[Result "1-0"]
[ECO "B90"]
[WhiteElo "2576"]
[BlackElo "2266"]
[Annotator "TA"]
[PlyCount "63"]
[EventDate "2022.07.22"]
[EventType "swiss"]
[EventCountry "CZE"]
[SourceTitle "playchess.com"]
[Source "ChessBase"]
[SourceQuality "1"]
[TimeControl "40/5400+30:1800+30"]

1. e4 c5 2. Nf3 d6 3. d4 cxd4 4. Nxd4 Nf6 5. Nc3 a6 6. Be3 e5 7. Nf3 Be7 8. Bc4 O-O 9. O-O Be6 10. Qe2 {B90: Sicilian Najdorf: Unusual White 6th moves, 6 Be3 Ng4 and 6 Be3 e5.} h6 11. Rad1 $5 {[%mdl 4] Bxe6 is the strong threat. An interesting side line.} Qc7 12. Bb3 {White is slightly better.} Nbd7 13. Nh4 Nc5 14. Bxc5 Qxc5 {[#]} 15. Nf5 $146 ({Predecessor:} 15. Ng6 Rfe8 16. Bxe6 fxe6 17. Rd3 Rad8 18. Rg3 Nh7 19. Nxe7+ Rxe7 20. Qh5 Kh8 21. Rf3 {0-1 (39) Frolyanov,D (2570)-Gundavaa,B (2516) Khanty-Mansiysk 2013}) 15... Rfe8 16. Rd3 Bf8 17. Qf3 {[%cal Of5h6] [#] Threatens to win with Nxh6+!} Kh7 18. Rfd1 Rad8 19. R1d2 b5 20. Nd5 Ng8 ({Better is} 20... Nxd5 21. Bxd5 Rd7) 21. Rc3 $16 Qa7 22. a4 {0x0.002065c67fdddp-1022s more active pieces.} (22. Nc7 $142 b4 23. Rc6 (23. Nxe8 $2 bxc3 24. Qxc3 Bxf5 $19)) 22... Rc8 23. Rcd3 g6 24. Nfe3 {Pair of Knights!} h5 25. g4 hxg4 26. Nxg4 Kg7 27. Ndf6 Nxf6 (27... bxa4 $16 {was necessary.} 28. Nxe8+ Rxe8) 28. Qxf6+ $18 ({Not} 28. Nxf6 Red8 $16) 28... Kg8 29. Qg5 $40 {[%mdl 128] Nf6+ would kill now. White is out for blood.} ({Weaker is} 29. Rh3 Bg7 30. Qh4 Qd7 31. Bxe6 Qxe6 $14) 29... Be7 {[#]} (29... Bg7) 30. Qh6 $1 {[%cal Od3h3] Intending Rh3! and mate.} Bxg4 (30... Bg5 31. Qxg5) 31. Qxg6+ $1 Kh8 32. Qxg4 {Weighted Error Value: White=0.10 (very precise) /Black=0.63} 1-0

[Event "Czech Open-GM 2022"]
[Site "Pardubice"]
[Date "2022.07.25"]
[Round "4.18"]
[White "Kulon, Klaudia"]
[Black "Plat, Vojtech"]
[Result "1-0"]
[ECO "B07"]
[WhiteElo "2286"]
[BlackElo "2554"]
[Annotator "TA"]
[PlyCount "97"]
[EventDate "2022.07.22"]
[EventType "swiss"]
[EventCountry "CZE"]
[SourceTitle "playchess.com"]
[Source "ChessBase"]
[SourceQuality "1"]
[TimeControl "40/5400+30:1800+30"]

1. d4 d6 2. e4 Nf6 3. Nc3 e5 4. dxe5 dxe5 5. Qxd8+ Kxd8 6. Bc4 Ke8 {[%emt 0:00:07] outshines the older 6...Be6. B07: Pirc Defence: Miscellaneous Systems.} 7. f3 Bc5 8. Nd1 Nbd7 {[%emt 0:00:50] White has an edge.} 9. Be3 a5 10. Nh3 c6 11. a4 Ke7 12. Nhf2 {[%emt 0:01:10] [#]} Rd8 $146 ({Predecessor:} 12... Bxe3 13. Nxe3 Nc5 14. Ke2 Rd8 15. Rhd1 Rxd1 16. Kxd1 Ne8 17. Nd3 {½-½ (17) Chernov,V (2425)-Eisenbeiser,A (2391) Walldorf 2017}) 13. Nd3 Bxe3 14. Nxe3 g6 15. O-O-O Ne8 (15... Nh5 $14) 16. h4 {[%emt 0:05:40][%cal Bh2h4,Bh4h5][%mdl 32] 0x0.0002de42c366dp-1022s more active pieces. The black rooks are badly placed.} Nd6 17. g4 h6 18. Bb3 b6 19. Rd2 (19. h5 $16 {And now hxg6 would win.} g5 20. Rd2) 19... Ba6 $14 20. h5 Bxd3 21. Rxd3 {[%emt 0:00:57] Strongly threatening hxg6.} Nc5 22. Rd2 g5 (22... Nxb3+ $14 23. cxb3 Nb7) 23. Rhd1 $16 {[%emt 0:00:15][%cal Od2d6] [#] Threatens to win with Rxd6!} Ncb7 24. c3 f6 25. Bc2 Rac8 {[%emt 0:03:09] [#]} (25... Ke8 $16) 26. b4 $1 $18 Kf8 27. Kb2 Ra8 28. Bb3 axb4 29. cxb4 b5 (29... Rac8 {might work better.} 30. Kc3 Rb8) 30. a5 Ke7 31. Rd3 Ra6 32. Rc1 Rc8 33. Rdc3 Kd7 34. Ba2 Rd8 35. R3c2 Rc8 36. Kb1 Raa8 37. Nf5 Nxf5 38. exf5 {[%emt 0:00:03] Black must now prevent Be6+.} ({Don't play} 38. gxf5 $6 Rc7 $16) 38... Nd8 {[%emt 0:01:44] Inhibits Be6+.} (38... Rc7 {is a better chance.} 39. Be6+ Kd6) 39. Rd2+ {[%emt 0:00:21] White is clearly winning.} Ke7 40. Rcd1 Rc7 {[%emt 0:01:23] Inhibits Rd7+.} 41. Rd6 c5 42. bxc5 b4 43. a6 Rxc5 44. Rd7+ Ke8 45. Rh7 b3 46. Bxb3 {[%emt 0:00:00] Rdd7 would kill now.} Rb5 47. Kb2 e4 48. fxe4 Rab8 49. Rd3 {[%emt 0:00:00] Weighted Error Value: White=0.10 (very precise) /Black=0.29 (precise)} 1-0

[Event "Czech Open-GM 2022"]
[Site "Pardubice"]
[Date "2022.07.25"]
[Round "4.19"]
[White "Strebkovs, Andrejs"]
[Black "Lokander, Martin"]
[Result "1/2-1/2"]
[ECO "C50"]
[WhiteElo "2283"]
[BlackElo "2483"]
[Annotator "TA"]
[PlyCount "104"]
[EventDate "2022.07.22"]
[EventType "swiss"]
[EventCountry "CZE"]
[SourceTitle "playchess.com"]
[Source "ChessBase"]
[SourceQuality "1"]
[TimeControl "40/5400+30:1800+30"]

1. e4 e5 2. Nf3 Nc6 3. Bc4 Nf6 4. d3 Bc5 5. Nc3 h6 6. a4 {[%emt 0:02:42] C50: Hungarian Defence and Giuoco Pianissimo.} d6 7. h3 Be6 {[%emt 0:06:58] [#]} 8. O-O $146 ({Predecessor:} 8. Nd5 O-O 9. c3 Bxd5 10. Bxd5 Nxd5 11. exd5 Ne7 12. b4 Bb6 13. a5 Bxa5 14. Rxa5 b6 {1-0 (65) Schmiederer,L (850)-Schoenweiler,E (832) Oberhof 2012}) 8... Bxc4 9. dxc4 O-O 10. Re1 Qd7 11. Be3 Bb4 12. Bd2 Bxc3 13. Bxc3 Qe6 14. b3 Ne7 15. Nh2 Nd7 16. Ng4 Qg6 17. Ne3 Nc5 ({Don't do} 17... Qxe4 18. Nd5 Nxd5 19. Rxe4 $11) 18. f3 Ne6 19. Kh2 Kh8 20. Nd5 Nc6 21. Qd2 f5 22. exf5 Rxf5 23. Re4 Raf8 24. Rg4 Qh5 25. Ne3 R5f7 26. Qe1 Ncd4 27. Bxd4 Nxd4 28. Qh4 Qxh4 29. Rxh4 Rf4 30. Rg4 Kh7 31. Rc1 c6 32. b4 {[%emt 0:02:01] [#]} (32. Rd1 $11) 32... h5 $1 $17 33. Rxf4 exf4 {[%emt 0:00:03][%mdl 4096] Endgame KRN-KRN} 34. Nf1 Re8 35. Rd1 {[%emt 0:01:57] [#]} Nxc2 ({Better is} 35... Nf5 $1 $17 {White must now prevent ...Re2.} 36. Kg1 a5) 36. Rxd6 $15 Re1 37. Nd2 {[%emt 0:00:45] The position is equal.} Ne3 {[%emt 0:00:40] Strongly threatening ...Nf5.} 38. g4 {[%emt 0:01:42] Against Nf5} Re2+ 39. Kh1 Re1+ 40. Kh2 hxg4 41. hxg4 Re2+ 42. Kg1 Kg8 43. Rd7 b6 44. Ne4 Nxc4 45. Rxa7 Rb2 46. Ng5 g6 47. Rc7 Rxb4 48. Rxc6 Kg7 49. Ne6+ Kf7 50. Ng5+ Kg7 51. Ne6+ Kf7 52. Ng5+ Kg7 {[%emt 0:00:42] Weighted Error Value: White=0.09 (flawless) /Black=0.08 (flawless)} 1/2-1/2

[Event "Czech Open-GM 2022"]
[Site "Pardubice"]
[Date "2022.07.25"]
[Round "4.20"]
[White "Bronstein, Or"]
[Black "Muetsch, Annmarie"]
[Result "1-0"]
[ECO "C41"]
[WhiteElo "2476"]
[BlackElo "2249"]
[Annotator "TA"]
[PlyCount "127"]
[EventDate "2022.07.22"]
[EventType "swiss"]
[EventCountry "CZE"]
[SourceTitle "playchess.com"]
[Source "ChessBase"]
[SourceQuality "1"]
[TimeControl "40/5400+30:1800+30"]

1. d4 d6 2. e4 Nf6 3. Nc3 e5 4. Nf3 Nbd7 5. Bc4 Be7 6. O-O O-O 7. Re1 a6 8. a4 b6 {[%emt 0:00:12] C41: Philidor Defence.} 9. Ba2 {[%emt 0:07:24] 9.Nd5 is the modern continuation.} Bb7 10. Qd3 c6 {[%emt 0:06:14] White has an edge.} 11. dxe5 dxe5 {[%emt 0:02:54] [#]} 12. Nh4 $146 ({Predecessor:} 12. Bg5 b5 13. Bxf6 Bxf6 14. Red1 Nc5 15. Qe3 Qe7 16. h3 Rfd8 17. a5 g6 18. Ne2 Kg7 19. Ng3 h5 20. Nf1 Rxd1 21. Rxd1 Bc8 22. N1d2 Be6 23. Bxe6 {½-½ (23) Borocz,I (2415)-Kiss,A (2395) Hungary 1997}) 12... Nc5 13. Qf3 Ne6 14. Nf5 {[%emt 0:07:30] Qg3 is the strong threat.} Bc5 15. Qg3 Qc7 16. Bh6 Ne8 17. Rad1 Kh8 18. Be3 {[%emt 0:04:10] 0x0.0005eae53473dp-1022s more active pieces. The black rooks are badly placed.} Bb4 19. Qh4 (19. Bxe6 $16 {Strongly threatening Rd7.} fxe6 20. Nh4) 19... b5 20. Rd3 g6 $2 {[%emt 0:08:48] [#]} (20... Bc8 $16 {was worth a try.}) 21. Red1 $1 Bc8 $16 (21... gxf5 $2 22. Rd7 Qxd7 23. Rxd7 $18) 22. Nh6 (22. Bxe6 $16 Bxe6 23. Nh6) 22... Be7 $11 23. Qg3 f5 24. exf5 (24. Bxe6 $5 Bxe6 25. Bg5 $11) 24... gxf5 {[%emt 0:00:07] And now ...f4 would win.} 25. Qh3 (25. Bxe6 $15 Bxe6 26. Bg5 Bxg5 27. Qxg5) 25... N8g7 $1 $17 26. g4 f4 (26... e4 $17 27. Bxe6 (27. R3d2 f4 $17) 27... exd3 28. Nf7+ Rxf7 $1 29. Bxf7 dxc2) 27. Bc1 Ng5 28. Qg2 Rf6 29. Ng8 Rf8 (29... Rg6 $1 $15 30. Nxe7 Qxe7) 30. h4 $36 {[%emt 0:00:27][%mdl 2048] Black is under pressure.} N5e6 31. Nxe7 Qxe7 32. Qxc6 Bb7 (32... Ra7 $11) 33. Qd7 $1 $16 Qxd7 34. Rxd7 Bf3 35. Re1 $1 Bxg4 {[%emt 0:01:32] Threatens to win with ...Nd4.} 36. Rxe5 (36. f3 $1 $16 Bxf3 37. Rxe5) 36... Ng5 $1 $11 37. hxg5 Bxd7 38. Nd5 Be6 39. Bd2 Bxd5 40. Bxd5 Rae8 41. Rxe8 Nxe8 $14 {[%emt 0:05:53][%mdl 4096] Endgame KRN-KB} 42. Bc6 (42. c4 $14) 42... Ng7 (42... Nc7 $11 {keeps the balance.}) 43. axb5 $16 axb5 44. Bxb5 Rf5 45. Bd3 (45. c4 $14 {deserves consideration.}) 45... Rxg5+ $11 46. Kf1 Ne6 47. Bc4 Rg6 48. b4 {[%emt 0:00:00] White wants to play Bd5.} Kg7 49. b5 Nc5 (49... Kf8 $1 $14) 50. Bxf4 $16 Rg4 51. Be5+ Kg6 52. Be2 {[%emt 0:00:00] A strong pair of Bishops.} (52. f4 $1 $16) 52... Rb4 (52... Ra4 $1 $11 {remains equal.}) 53. Bd6 Rb1+ 54. Kg2 Ne6 (54... Na4 $14) 55. c4 $18 Kg5 $2 {[%emt 0:00:33] [#]} (55... Kf6 56. f4 Rb3) 56. Be7+ $2 ({Not} 56. Bd3 Rd1 57. b6 (57. Be7+ Kf4 $16) 57... Rxd3 $16) ({Only move:} 56. c5 $1 $18) 56... Kh6 $2 ({Better is} 56... Kf4 $14) 57. Bf3 (57. Bg4 $142 Nd4 58. Bf6 Nxb5 59. cxb5 Rxb5 60. f4) 57... Nf4+ (57... Kg7 {was necessary.} 58. Be4 Rb3) 58. Kg3 Ng6 (58... Nd3 59. Bd5 Kg6) 59. Bd6 $2 (59. Bc5) 59... Kg5 {[%emt 0:00:55] [#]} 60. Bc7 $1 {[%emt 0:01:57] Hoping for b6.} Kf5 $2 (60... Nf8 61. Bb6 Kf6 62. Bd4+ Ke6) 61. b6 {[%emt 0:02:38] aiming for c5. White is clearly winning.} Ne5 62. Bd5 {[%emt 0:00:28] Black must now prevent f3.} Rg1+ 63. Kh2 Rg6 64. f3 {[%emt 0:00:06] Weighted Error Value: White=0.37/Black=0.53} 1-0